 Dungeon Crawl Stone Soup version 0.24.0-13-gcf9b319 (webtiles) character file.

Game seed: 3475943284657722220, levelgen mode: deterministic

4081 Bronimir the Firebug (level 10, -1/84 HPs)
             Began as a Hill Orc Fire Elementalist on Apr 2, 2020.
             Was a Priest of Okawaru.
             Slain by a bullfrog zombie (6 damage)
             ... on level 8 of the Dungeon.
             The game lasted 00:19:14 (10724 turns).

Bronimir the Firebug (Hill Orc Fire Elementalist)  Turns: 10724, Time: 00:19:15

Health: -1/84      AC:  6    Str: 15      XL:     10   Next: 25%
Magic:  12/16      EV: 13    Int: 14 (15) God:    Okawaru [***...]
Gold:   162        SH:  0    Dex: 15      Spells: 5/18 levels left

rFire    . . .     SeeInvis .   a - +10 war axe of the Messenger {freeze, rPois rC+ Dex+2}
rCold    + . .     Gourm    .   (no shield)
rNeg     . . .     Faith    .   D - +2 robe {MR+}
rPois    +         Spirit   .   (no helmet)
rElec    .         Reflect  .   (no cloak)
rCorr    .         Harm     .   r - +1 pair of gloves
MR       ++...                  (no boots)
Stlth    ++........             h - amulet of the acrobat
HPRegen  0.24/turn              e - ring of protection from magic
MPRegen  0.15/turn              (no ring)

@: lethally poisoned (-1 -> -11)
A: agile 1, deterioration 1
a: Heroism, Renounce Religion


You were on level 8 of the Dungeon.
You worshipped Okawaru.
Okawaru was most pleased with you.
You were hungry.

You visited 2 branches of the dungeon, and saw 11 of its levels.
You also visited: Ossuary.

You collected 425 gold pieces.
You spent 263 gold pieces at shops.

Inventory:

Hand Weapons
 a - the +10 war axe of the Messenger (weapon) {freeze, rPois rC+ Dex+2}
   (You bought it in a shop on level 5 of the Dungeon)

   It has been specially enchanted to freeze those struck by it, causing extra
   injury to most foes and up to half again as much damage against particularly
   susceptible opponents.
   It can also slow down cold-blooded creatures.
   It affects your dexterity (+2).
   It protects you from cold.
   It protects you from poison.
 b - a +2 hunting sling of flaming
 B - a +0 whip of freezing
 I - a +0 shortbow
 J - a +0 spear
Missiles
 g - 278 stones (quivered)
 l - 96 arrows
 n - 15 sling bullets
 K - 24 poisoned darts
 M - 19 bolts
Armour
 r - a +1 pair of gloves (worn)
 x - a +0 ring mail
 D - a +2 robe of magic resistance (worn)
Jewellery
 e - a ring of protection from magic (left hand)
 h - an amulet of the acrobat (around neck)
 v - a +2 ring of evasion {unknown}
 E - an uncursed ring of fire {unknown}
 Q - a cursed ring of teleportation {unknown}
Wands
 i - a wand of iceblast (6)
 m - a wand of scattershot (1)
 o - a wand of acid (6)
 t - a wand of clouds (2)
 H - a wand of enslavement (7)
Scrolls
 f - 6 scrolls of identify
 p - a scroll of enchant armour
 q - a scroll of fear
 s - 10 scrolls of remove curse
 u - a scroll of blinking {unknown}
 y - 2 scrolls of enchant weapon {unknown}
 A - 3 scrolls of fog {unknown}
 C - 2 scrolls of amnesia {unknown}
 N - a scroll of teleportation
 O - a scroll of torment {unknown}
Potions
 d - 3 potions of agility
 j - 3 potions of flight
 k - 4 potions of haste
 w - a potion of invisibility {unknown}
 z - a potion of degeneration
 F - 2 potions of brilliance
 G - 2 potions of lignification
 L - 2 potions of curing
Comestibles
 c - 11 rations
 P - 7 chunks of flesh


   Skills:
 * Level 6.4 Fighting
   Level 0.1 Short Blades
 * Level 3.6(4.0) Axes
 + Level 1.6(2.5) Maces & Flails
 + Level 0.9(2.1) Polearms
 + Level 5.9 Slings
 * Level 5.5 Armour
 + Level 2.9 Dodging
 - Level 1.5 Stealth
 * Level 4.5 Spellcasting
 + Level 4.0 Conjurations
 * Level 6.4 Fire Magic
 * Level 4.3 Invocations


You had 5 spell levels left.
You knew the following spells:

 Your Spells              Type           Power        Failure   Level  Hunger
a - Flame Tongue          Conj/Fire      ###..        2%          1    None
b - Throw Flame           Conj/Fire      ###...       3%          2    ##.....
c - Conjure Flame         Conj/Fire      ###.....     6%          3    ###....
d - Sticky Flame          Conj/Fire      ###.....     22%         4    ####...
e - Inner Flame           Hex/Fire       ##......     14%         3    ###....

Your spell library contained the following spells:

 Spells                   Type           Power        Failure   Level  Hunger
 Fireball                 Conj/Fire      ###.......   52%         5    ######.


Dungeon Overview and Level Annotations

Branches:
Dungeon (10/15)            Temple (1/1) D:6            Lair (0/6) D:9
Ossuary (visited)
    Orc: D:9-12

Altars:
Cheibriados
Dithmenos
Elyvilon
Fedhas
Gozag
Hepliaklqana
Kikubaaqudgha
Makhleb
Nemelex Xobeh
Okawaru
Ru
Sif Muna
Trog
Uskayaw
Vehumet
Wu Jian
Yredelemnul
The Shining One

Shops:
D:5 (

Annotations:
D:6 1 runed translucent door, tygod's ghost, novice DrFE


Innate Abilities, Weirdness & Mutations

You are agile. (Dex +2)
Your body sometimes deteriorates upon taking damage.


Message History

The hornet stings you!
* * * LOW HITPOINT WARNING * * *
Your body deteriorates!
You feel dopey.
You are lethally poisoned!
You feel yourself slow down.
The bullfrog zombie hits you but does no damage.
You can move again.
* * * LOW HITPOINT WARNING * * *
You feel sick.
The hornet burns! x2; The hornet completely misses you.
The bullfrog zombie completely misses you.
As you read the scroll of fear, it crumbles to dust.
You assume a fearsome visage.
The hornet looks frightened!
The bullfrog zombie is unaffected.
You feel yourself speed up.
* * * LOW HITPOINT WARNING * * *
You feel very sick.
The hornet burns!
The bullfrog zombie hits you but does no damage.
The bullfrog zombie hits you.
You die...

#...... #....%. ..######
#..... ..#..... ##....#
#.#<#.# +.....####....# #
#............+ #
#..../.......### #
#..............#
########........@##?.
.#.....#.##....Z.#
.#.....#'####.........##
.............###y.....#.
#.....................#.
.รท............#.......#.
......##....#.#.......##
..#...##................
......##................


You could see a hornet (fleeing) and a bullfrog zombie.

Vanquished Creatures
  Pikel (D:6)
  A komodo dragon (D:9)
  A hippogriff (D:8)
  Prince Ribbit (D:6)
  Sigmund (D:6)
  A wraith (Ossuary)
  3 yaks (D:9)
  3 ice beasts
  An orc warrior (D:10)
  A phantom (D:4)
  3 centaurs
  A bullfrog (D:9)
  A scorpion (D:9)
  3 wights
  4 howler monkeys
  2 crimson imps (D:6)
  A centaur zombie (D:7)
  2 bullfrog zombies (D:9)
  A jelly (D:7)
  4 bullfrog skeletons
  4 orc priests (D:6)
  2 hounds
  5 orc wizards
  3 iron imps (D:6)
  4 iguanas
  3 worker ants
  A hound zombie (D:5)
  A howler monkey zombie (D:6)
  13 adders
  3 adder skeletons
  2 adder zombies (Ossuary)
  A worm (D:3)
  5 dart slugs
  7 leopard geckos
  15 orcs
  4 ball pythons
  5 bats
  5 giant cockroaches
  11 goblins
  11 hobgoblins
  11 jackals
  5 quokkas
  A ball python skeleton (Ossuary)
  A frilled lizard (D:1)
  A giant cockroach zombie (D:5)
  3 hobgoblin skeletons (Ossuary)
  6 kobolds
  2 kobold zombies (Ossuary)
  2 leopard gecko skeletons
  An orc skeleton (Ossuary)
  An orc zombie (Ossuary)
  7 rats
  2 rat zombies (D:6)
184 creatures vanquished.

Vanquished Creatures (others)
  2 slaves (D:6)
  A crimson imp (D:6)
  Ijyb (D:3)
  3 plants (D:9)
  2 withered plants (D:6)
9 creatures vanquished.

Grand Total: 193 creatures vanquished

Notes
Turn   | Place    | Note
-------+----------+-------------------------------------------
     0 | D:1      | Bronimir the Hill Orc Fire Elementalist began the quest for
                  | the Orb.
     0 | D:1      | Reached XP level 1. HP: 14/14 MP: 3/3
   403 | D:1      | Reached XP level 2. HP: 20/20 MP: 2/4
   459 | D:1      | Learned a level 2 spell: Throw Flame
   730 | D:1      | Reached XP level 3. HP: 27/27 MP: 2/5
   847 | D:1      | Reached skill level 1 in Fighting
  1575 | D:2      | Reached skill level 1 in Maces & Flails
  1575 | D:2      | Reached XP level 4. HP: 22/35 MP: 3/7
  1822 | D:2      | Reached skill level 1 in Armour
  2127 | D:2      | Found a faded altar of an unknown god.
  2163 | D:2      | Reached XP level 5. HP: 40/40 MP: 8/8
  2233 | D:2      | Learned a level 3 spell: Conjure Flame
  2298 | D:3      | Noticed Ijyb
  2534 | D:3      | Killed Ijyb
  2612 | D:3      | Found a glowing golden altar of the Shining One.
  2854 | D:3      | Found a basalt altar of Yredelemnul.
  3053 | D:3      | Reached skill level 1 in Slings
  3708 | D:4      | Found a sacrificial altar of Ru.
  3730 | D:4      | Reached XP level 6. HP: 45/48 MP: 9/9
  3741 | D:4      | Noticed a phantom
  3755 | D:4      | Killed a phantom
  3894 | D:4      | Learned a level 4 spell: Sticky Flame
  4591 | D:5      | Entered Level 5 of the Dungeon
  4600 | D:5      | Found Ofukif's Antique Weapon Boutique.
  4762 | D:5      | Reached XP level 7. HP: 55/56 MP: 10/10
  4763 | D:5      | Found a blossoming altar of Fedhas.
  5173 | D:6      | Found a sand-covered staircase.
  5205 | Ossuary  | Entered an ossuary
  5340 | Ossuary  | Noticed a flying skull
  5340 | Ossuary  | Noticed a wraith
  5349 | Ossuary  | Noticed a flying skull
  5372 | Ossuary  | Noticed a flying skull
  5374 | Ossuary  | Noticed a flying skull
  5394 | Ossuary  | Noticed a flying skull
  5422 | Ossuary  | Noticed a wraith
  5458 | Ossuary  | HP: 6/127 [wraith (7)]
  5460 | Ossuary  | Killed a wraith
  5790 | Ossuary  | Gained mutation: Your body sometimes deteriorates upon
                  | taking damage. [potion of mutation]
  5790 | Ossuary  | Gained mutation: You are agile. (Dex +2) [potion of
                  | mutation]
  5806 | Ossuary  | Noticed a wraith
  5949 | D:6      | Reached XP level 8. HP: 50/66 MP: 12/12
  6008 | D:6      | Found a staircase to the Ecumenical Temple.
  6058 | D:6      | Reached skill level 5 in Fire Magic
  6491 | D:6      | Noticed Sigmund
  6671 | D:6      | Killed Sigmund
  6854 | Temple   | Entered the Ecumenical Temple
  6859 | Temple   | Learned a level 3 spell: Inner Flame
  7054 | Temple   | Became a worshipper of Warmaster Okawaru
  7171 | D:6      | Found a runed translucent door.
  7171 | D:6      | Noticed tygod's ghost (novice DrFE)
  7192 | D:6      | Noticed Pikel
  7205 | D:6      | Killed Pikel
  7205 | D:6      | Reached XP level 9. HP: 47/73 MP: 2/14
  7454 | D:6      | Noticed Prince Ribbit
  7647 | D:6      | Reached * piety under Okawaru
  7769 | D:5      | Bought a transparent war axe for 263 gold pieces
  7769 | D:5      | Identified the +10 war axe of the Messenger {freeze, rPois
                  | rC+ Dex+2} (You bought it in a shop on level 5 of the
                  | Dungeon)
  7885 | D:6      | Killed Prince Ribbit
  7885 | D:6      | Reached skill level 5 in Fighting
  7974 | D:6      | Found a shimmering blue altar of Sif Muna.
  8041 | D:6      | Reached skill level 5 in Slings
  8049 | D:6      | Found a burning altar of Makhleb.
  8607 | D:7      | Reached skill level 1 in Axes
  8689 | D:7      | You fall into a shaft and drop 3 floors!
  8689 | D:10     | Entered Level 10 of the Dungeon
  9231 | D:9      | Reached ** piety under Okawaru
  9319 | D:9      | Reached skill level 5 in Armour
  9339 | D:9      | Reached XP level 10. HP: 28/83 MP: 5/16
  9716 | D:9      | Found a bloodstained altar of Trog.
 10101 | D:9      | Found a staircase to the Lair.
 10440 | D:9      | Found a snail-covered altar of Cheibriados.
 10607 | D:8      | Reached *** piety under Okawaru
 10721 | D:8      | Paralysed by a hornet for 2 turns
 10724 | D:8      | Slain by a bullfrog zombie

Levels and vault maps discovered:
D:1:      scummos_arrival_gate, layout_loops_ring, minivault_27,
          amethyst_killhole
D:2:      layout_loops_ring, chequers_ecumenical_altar_lobes,
          serial_park_tiny_2, st_stairs_3
D:3:      layout_loops_cross, lemuel_round_altar, lemuel_round_altar,
          gup_sewer_entry_spiral, first_ration, uniq_natasha, uniq_ijyb
D:4:      layout_loops_corners, nicolae_ru_path_of_blood
D:5:      layout_rooms, old_standard_altar, serial_shops, shop
D:6:      layout_basic, kennysheep_mini_moat, demons_altar,
          minmay_temple_entry_drinking_statues, gammafunk_ghost_grave,
          enter_ossuary_4, sigmund_army, uniq_pikel, uniq_prince_ribbit1
D:7:      layout_basic, kennysheep_little_box
D:8:      layout_basic, nicolae_qazlal_style_of_elements,
          grunt_temple_overflow_order_and_chaos_1, basic_altar, serial_shops,
          shop, shop
D:9:      layout_loops_corners, lemuel_crystal_altar,
          nicolae_overflow_hidden_temple, david_lair_shrubbed
D:10:     layout_cave_pods, ebering_ghost_rock_garden
Temple:   dpeg_chambers_temple

Skill      XL: |  1  2  3  4  5  6  7  8  9 10 |
---------------+-------------------------------+-----
Fighting       | 1 2 3 4 6 |  6.4
Maces & Flails | 1 |  1.6
Spellcasting   | 2 3 4 |  4.5
Fire Magic     | 4 5 6 |  6.4
Armour         | 1 2 3 4 5 |  5.5
Dodging        | 2 |  2.9
Slings         | 1 2 3 4 5 |  5.9
Conjurations   | 2 3 4 |  4.0
Invocations    | 2 3 4 |  4.3
Axes           | 3 |  3.6
Short Blades   | |  0.1
Polearms       | |  0.9
Stealth        | |  1.5

Action                   |  1- 3 |  4- 6 |  7- 9 | 10-12 || total
-------------------------+-------+-------+-------+-------++-------
Melee: Club              |    48 |       |       |       ||    48
       Dagger            |    20 |       |       |       ||    20
       Spear             |       |       |    28 |       ||    28
       War axe           |       |       |    33 |    14 ||    47
 Fire: Hunting sling     |       |   203 |   262 |    47 ||   512
 Cast: Flame Tongue      |    17 |    27 |    65 |     3 ||   112
       Throw Flame       |     5 |       |    14 |       ||    19
       Sticky Flame      |       |       |     1 |     3 ||     4
  Use: Potion            |       |       |    12 |       ||    12
       Scroll            |       |       |     5 |     1 ||     6
 Stab: Sleeping          |     3 |       |     2 |       ||     5
  Eat: Chunk             |     3 |    10 |     9 |     4 ||    26
       Ration            |       |       |     2 |       ||     2
Armor: Robe              |     8 |    17 |    36 |     6 ||    67
       Skin              |       |       |     5 |       ||     5
Dodge: Dodged            |    53 |    74 |   152 |    22 ||   301
